 Dungeon Crawl Stone Soup version 0.17-a0-1946-gfb768fe (webtiles) character file.

70638 graki42 the Eclecticist (level 14, -36/72 HPs)
             Began as a Deep Elf Fire Elementalist on Sept 30, 2015.
             Was a High Priest of Vehumet.
             Annihilated by a white ugly thing (48 damage)
             ... summoned by the player character
             ... on level 8 of the Lair of Beasts on Oct 1, 2015.
             The game lasted 02:55:30 (25242 turns).

graki42 the Eclecticist (DEFE)                     Turns: 25242, Time: 02:55:30

Health: -36/72     AC:  9    Str:  8    XL:     14   Next: 94%
Magic:  41/53      EV: 20    Int: 23    God:    Vehumet [*****.]
Gold:   1222       SH:  0    Dex: 21    Spells: 11 memorised, 13 levels left

rFire  + + +     SeeInvis .     F - staff of power
rCold  x x .     Clarity  .     D - +2 robe {MR+}
rNeg   . . .     SustAt   .     (no shield)
rPois  .         Gourm    .     s - +0 helmet of Hyatug {rElec rF+ Dex+6}
rElec  +         Spirit   .     (no cloak)
rCorr  .         Warding  .     h - +2 pair of gloves
rMut   +         Stasis   .     O - +0 pair of boots
MR     ++...                    r - amulet of resist mutation
Stlth  ++++......               q - ring of fire
                                o - ring of fire

@: delayed fireball, very resistant to hostile enchantments, stealthy
A: no striking features
a: Renounce Religion, Release Delayed Fireball


You were on level 8 of the Lair of Beasts.
You worshipped Vehumet.
Vehumet was extremely pleased with you.
You were not hungry.

You visited 3 branches of the dungeon, and saw 22 of its levels.
You also visited: Labyrinth and Ice Cave.

You collected 1222 gold pieces.

Inventory:

Hand weapons
 p - a +1 short sword of venom
Missiles
 u - a throwing net (quivered)
Armour
 h - a +2 pair of gloves (worn)
 j - a +0 pair of gloves
 s - the +0 helmet of Hyatug (worn) {rElec rF+ Dex+6}
   (You found it in a labyrinth)

   It affects your dexterity (+6).
   It protects you from fire.
   It insulates you from electricity.
 D - a +2 robe of magic resistance (worn)
 E - a +2 robe of cold resistance
 O - a +0 pair of boots (worn)
Magical staves
 F - an uncursed staff of power (weapon)
Jewellery
 o - a ring of fire (left hand)
 q - a ring of fire (right hand)
 r - an amulet of resist mutation (around neck)
 K - an uncursed ring of flight
 V - an uncursed ring of protection from cold
 X - an uncursed ring of protection from magic
Magical devices
 a - a wand of digging (3)
 i - a wand of magic darts (17)
 C - a wand of fire (10)
 H - a wand of magic darts (23)
 L - a wand of flame (33)
 M - a wand of cold (4)
Scrolls
 d - 3 scrolls of recharging
 e - 6 scrolls of identify
 k - 4 scrolls of teleportation
 m - 7 scrolls of remove curse
 w - 2 scrolls of amnesia
 I - 2 scrolls of fear
 N - a scroll of magic mapping
Potions
 b - 2 potions of resistance
 g - 3 potions of cancellation
 l - 5 potions of curing
 n - a potion of berserk rage
 t - 5 potions of heal wounds
 v - 2 potions of haste
 B - 3 potions of flight
 G - 5 potions of might
 J - a potion of agility
 T - 2 potions of magic
Books
 c - a Necronomicon

   Spells                             Type                      Level
   a - Haunt                          Necromancy/Summoning         7
   b - Borgnjor's Revivification      Necromancy                   8
   c - Death's Door                   Charms/Necromancy            8
   d - Necromutation                  Transmutation/Necromancy     8
 y - a book of Callings

   Spells                             Type                      Level
   a - Summon Small Mammal            Summoning                    1
   b - Call Imp                       Summoning                    2
   c - Call Canine Familiar           Summoning                    3
   d - Summon Guardian Golem          Hexes/Summoning              3
   e - Summon Lightning Spire         Summoning/Air                4
   f - Summon Ice Beast               Ice/Summoning                4
Miscellaneous
 A - an ornate deck of war {drawn: 2}
Comestibles
 f - 16 meat rations
 x - 10 fruits
 z - a beef jerky


   Skills:
 + Level 2.1 Fighting
 + Level 1.2 Short Blades
   Level 0.1 Maces & Flails
 + Level 0.4 Throwing
 + Level 8.5 Dodging
 + Level 6.1 Stealth
 + Level 18.8 Spellcasting
 + Level 14.9 Conjurations
 + Level 5.5 Hexes
 + Level 14.5 Fire Magic
 + Level 3.1 Earth Magic
 + Level 1.2 Evocations


You had 13 spell levels left.
You knew the following spells:

 Your Spells              Type           Power        Failure   Level  Hunger
a - Flame Tongue          Conj/Fire      #####        0%          1    None
b - Conjure Flame         Conj/Fire      ########     1%          3    None
c - Inner Flame           Hex/Fire       ########     1%          3    None
d - Sticky Flame          Conj/Fire      ########     1%          4    None
e - Fireball              Conj/Fire      ########..   1%          5    None
f - Magic Dart            Conj           ####         0%          1    None
g - Iskenderun's Mystic   Conj           ######..     1%          4    None
h - Bolt of Fire          Conj/Fire      ########..   1%          6    ###....
i - Stone Arrow           Conj/Erth      ######       1%          3    None
j - Delayed Fireball      Conj/Fire      N/A          1%          7    #####..
k - Iskenderun's Battles  Conj/Chrm      ######..     1%          5    None


Dungeon Overview and Level Annotations

Branches:
Dungeon (13/15)            Temple (1/1) D:4            Lair (8/8) D:10
  Swamp (0/4) Lair:3       Spider (0/4) Lair:6          Orc (0/4) D:9
 Vaults (0/5) D:13
  Slime: Lair:6-8

Altars:
Ashenzari
Cheibriados
Dithmenos
Elyvilon
Fedhas
Gozag
Kikubaaqudgha
Makhleb
Nemelex Xobeh
Okawaru
Qazlal
Ru
Sif Muna
Trog
Vehumet
Xom
Yredelemnul
Zin
The Shining One
Beogh
Lugonu


Message History

Unknown command.
Press: ? - help, v - describe, . - travel
Here: a white ugly thing (moderately wounded, summoned)
The floor.
Read which item? (? for menu, Esc to quit)
Okay, then.
Unknown command.
Press: ? - help, v - describe, . - travel
Here: a white ugly thing (moderately wounded, summoned)
The floor.
Read which item? (? for menu, Esc to quit)
As you read the scroll of fear, it crumbles to dust.
You assume a fearsome visage.
The white ugly thing resists with almost no effort.
The river rat looks frightened! x3
The adder looks frightened!
The white ugly thing headbutts you.
* * * LOW HITPOINT WARNING * * *
The white ugly thing freezes you!!!
You feel a terrible chill!
Ouch! That really hurt!
You die...

#..........#
#P........##
#..........#
##..........#
#P..........###
##..........PPP
###..........PP
#..........PPPP
#...@u....P.P#.
#.........PPP.#
#.#....S..rr.†.#
#####....r..†...
#...#.......
#P...#.PP...
##....#.....
#..P###.... #..
....


You could see a white ugly thing, an adder (fleeing) and 3 river rats.

Vanquished Creatures
  Rupert (D:13)
  Kirke (Lair:7)
  A frost giant (IceCv)
  Maud (Lair:6)
  Nessos (Lair:7)
  A minotaur (Lab)
  Josephine (D:10)
  Erolcha (D:9)
  Fannar (Lair:1)
  5 hydras
  Erica (D:9)
  The ghost of Appriser the Grappler, a powerful DrTm of Qazlal (Lair:4)
  A deep elf knight (D:13)
  An ice statue (IceCv)
  2 hill giants (D:12)
  2 necromancers (D:13)
  A wolf spider (Lair:5)
  An oklob plant (Lair:6)
  A cyclops (D:12)
  A wizard (D:13)
  2 ugly things (D:12)
  A manticore (D:13)
  A centaur zombie (D:12)
  A griffon (Lair:8)
  Maurice (D:12)
  3 black mambas
  11 spiny frogs
  Psyche (D:9)
  4 elephants (Lair:7)
  3 komodo dragons
  A gargoyle (D:12)
  A fire drake (D:10)
  A redback zombie (D:13)
  3 trolls
  18 polar bears
  2 two-headed ogres
  A slime creature (D:13)
  5 blink frogs (Lair:5)
  3 trapdoor spiders (Lab)
  72 yaks
  6 basilisks
  Eustachio (D:6)
  6 wraiths
  A hog (Lair:7)
  10 hippogriffs
  3 wyverns
  5 hungry ghosts
  A deep elf mage (D:12)
  21 humans (D:13)
  2 spriggans
  39 wolves
  6 swamp worms (Lair:3)
  8 water moccasins
  2 black bears
  18 porcupines
  10 ice beasts
  3 sky beasts
  6 orc warriors
  A necrophage (D:10)
  8 ogres
  An eye of draining (D:10)
  8 centaurs
  3 phantoms
  2 wasps
  2 brain worms
  12 crocodiles
  12 giant frogs
  4 big kobolds
  A scorpion (D:4)
  4 wights (D:12)
  12 killer bees
  An electric eel (Lair:3)
  2 spriggan skeletons (Lab)
  A troll skeleton (Lab)
  A wasp zombie (D:12)
  2 hounds
  A jelly (Lair:6)
  2 centaur skeletons
  5 crimson imps
  3 orc priests
  8 orc wizards
  2 giant frog zombies
  10 iguanas
  An iron imp (D:8)
  2 giant frog skeletons
  8 worker ants
  9 sheep
  An ogre skeleton (Lab)
  2 hound skeletons
  A worker ant zombie (D:6)
  23 adders
  7 gnolls
  52 river rats
  4 shadow imps
  21 oozes
  An adder zombie (D:7)
  4 worms
  An adder skeleton (D:5)
  5 giant geckos
  58 orcs
  6 bats
  8 goblins
  5 hobgoblins
  27 kobolds
  7 giant cockroaches
  5 giant newts
  8 jackals (D:3)
  A jackal zombie (D:6)
  3 quokkas (D:3)
  12 rats
  A rat zombie (D:6)
  2 bushes
  12 fungi
  12 plants
726 creatures vanquished.

Vanquished Creatures (collateral kills)
  2 hippogriffs (Lair:8)
2 creatures vanquished.

Vanquished Creatures (others)
  A human (Lair:7)
  3 kobolds (D:12)
  2 bushes (Lair:5)
  14 fungi
  16 plants
36 creatures vanquished.

Grand Total: 764 creatures vanquished

Notes
Turn   | Place    | Note
--------------------------------------------------------------
     0 | D:1      | graki42 the Deep Elf Fire Elementalist began the quest for the Orb.
     0 | D:1      | Reached XP level 1. HP: 10/10 MP: 6/6
   117 | D:1      | Reached XP level 2. HP: 15/15 MP: 2/8
   627 | D:1      | Reached XP level 3. HP: 19/19 MP: 7/10
   632 | D:1      | Learned a level 3 spell: Conjure Flame
   636 | D:1      | Learned a level 3 spell: Inner Flame
   724 | D:2      | Found a faded altar to an unknown god.
   740 | D:2      | Reached skill level 4 in Fire Magic
   885 | D:2      | Reached XP level 4. HP: 24/24 MP: 4/12
  1692 | D:3      | Learned a level 4 spell: Sticky Flame
  1813 | D:3      | Reached XP level 5. HP: 28/28 MP: 8/14
  1909 | D:4      | Reached skill level 5 in Spellcasting
  1933 | D:4      | Found an iron altar of Okawaru.
  1933 | D:4      | Found a burning altar of Makhleb.
  1975 | D:4      | Found a shattered altar of Ashenzari.
  1976 | D:4      | Found a white marble altar of Elyvilon.
  1977 | D:4      | Found a glowing golden altar of the Shining One.
  2145 | D:4      | Found a staircase to the Ecumenical Temple.
  2208 | Temple   | Entered the Ecumenical Temple
  2238 | Temple   | Became a worshipper of Vehumet
  2559 | D:4      | Reached XP level 6. HP: 32/32 MP: 4/15
  3000 | D:5      | Entered Level 5 of the Dungeon
  3287 | D:5      | Reached skill level 6 in Spellcasting
  3287 | D:5      | Reached skill level 5 in Fire Magic
  3346 | D:5      | Found a glowing golden altar of the Shining One.
  3357 | D:5      | Reached XP level 7. HP: 36/36 MP: 10/18
  3392 | D:5      | Found a shadowy altar of Dithmenos.
  3705 | D:5      | Found a blossoming altar of Fedhas.
  3705 | D:5      | Found a stormy altar of Qazlal.
  3741 | D:5      | Learned a level 5 spell: Fireball
  3866 | D:5      | Reached skill level 1 in Hexes
  4137 | D:6      | Reached skill level 7 in Spellcasting
  4142 | D:6      | Acquired Vehumet's first power
  4142 | D:6      | Offered knowledge of Magic Dart by Vehumet.
  4145 | D:6      | Learned a level 1 spell: Magic Dart
  4164 | D:6      | Noticed Eustachio
  4280 | D:6      | Reached skill level 5 in Conjurations
  4285 | D:6      | Reached XP level 8. HP: 41/41 MP: 14/20
  4387 | D:6      | Killed Eustachio
  4579 | D:6      | Found a shimmering altar of Xom.
  4732 | D:6      | Reached skill level 5 in Dodging
  4770 | D:6      | Reached skill level 8 in Spellcasting
  4893 | D:6      | Found an ancient bone altar of Kikubaaqudgha.
  5274 | D:7      | Found a sacrificial altar of Ru.
  5686 | D:7      | Found a deep blue altar of Sif Muna.
  5791 | D:7      | Found a sparkling altar of Nemelex Xobeh.
  6377 | D:7      | Reached XP level 9. HP: 31/46 MP: 14/23
  6547 | D:8      | Offered knowledge of Searing Ray by Vehumet.
  6551 | D:8      | Reached skill level 9 in Spellcasting
  6736 | D:8      | Found a sparkling altar of Nemelex Xobeh.
  6773 | D:8      | Reached skill level 1 in Short Blades
  6808 | D:8      | Found a shimmering altar of Xom.
  7170 | D:8      | Found a snail-covered altar of Cheibriados.
  7557 | D:9      | Noticed Erica
  7638 | D:9      | Noticed Psyche
  7642 | D:9      | Killed Psyche
  7718 | D:9      | Offered knowledge of Static Discharge by Vehumet.
  7803 | D:9      | Found a roughly hewn altar of Beogh.
  7803 | D:9      | Found a staircase to the Orcish Mines.
  7817 | D:9      | Acquired Vehumet's second power
  7872 | D:9      | Reached skill level 10 in Spellcasting
  7950 | D:9      | Reached XP level 10. HP: 51/51 MP: 10/26
  8323 | D:9      | Killed Erica
  8328 | D:9      | Noticed Erolcha
  8337 | D:9      | Killed Erolcha
  8337 | D:9      | Reached skill level 11 in Spellcasting
  8365 | D:9      | Offered knowledge of Iskenderun's Mystic Blast by Vehumet.
  8371 | D:9      | Learned a level 4 spell: Iskenderun's Mystic Blast
  8456 | D:10     | Entered Level 10 of the Dungeon
  8661 | D:10     | Reached skill level 5 in Stealth
  8771 | D:10     | Found a staircase to the Lair.
  8861 | D:10     | You fall through a shaft for 2 floors!
  9002 | D:12     | Noticed a cyclops
  9016 | D:12     | Killed a cyclops
  9016 | D:12     | Reached skill level 12 in Spellcasting
  9084 | D:12     | Reached skill level 10 in Fire Magic
  9292 | D:12     | Acquired Vehumet's third power
  9335 | D:12     | Offered knowledge of Throw Icicle by Vehumet.
  9399 | D:12     | Reached XP level 11. HP: 34/55 MP: 16/29
  9515 | D:12     | Noticed a cyan ugly thing
  9522 | D:12     | Killed a cyan ugly thing
  9741 | D:12     | Noticed a white ugly thing
  9756 | D:12     | Killed a cyan ugly thing
  9756 | D:12     | Reached skill level 1 in Fighting
 10253 | D:12     | Noticed a hill giant
 10260 | D:12     | Killed a hill giant
 10261 | D:12     | Reached skill level 10 in Conjurations
 10414 | D:12     | Noticed Maurice
 10423 | D:12     | Killed Maurice
 10636 | D:12     | Reached skill level 13 in Spellcasting
 10734 | D:12     | Noticed a hill giant
 10737 | D:12     | Killed a hill giant
 10802 | D:13     | Noticed Rupert
 10843 | D:13     | Killed Rupert
 10843 | D:13     | Reached skill level 5 in Hexes
 10848 | D:13     | Offered knowledge of Bolt of Fire by Vehumet.
 10852 | D:13     | Reached XP level 12. HP: 60/60 MP: 5/31
 11349 | D:13     | Reached skill level 14 in Spellcasting
 11359 | D:13     | Learned a level 6 spell: Bolt of Fire
 11363 | D:13     | Learned a level 3 spell: Stone Arrow
 11722 | D:13     | Noticed a deep elf knight
 11736 | D:13     | Killed a deep elf knight
 11902 | D:13     | Noticed a necromancer
 11903 | D:13     | Killed a necromancer
 11903 | D:13     | Reached skill level 15 in Spellcasting
 11905 | D:13     | Noticed a necromancer
 11905 | D:13     | Killed a necromancer
 11916 | D:13     | Found a gate to the Vaults.
 12157 | D:11     | Got a crude dire flail
 12158 | D:11     | Identified the cursed +1 dire flail of Tenacity {crush, Stlth+} (You found it on level 11 of the Dungeon)
 12204 | D:10     | Noticed Josephine
 12206 | D:10     | Killed Josephine
 12625 | Lair:1   | Entered Level 1 of the Lair of Beasts
 12633 | Lair:1   | Offered knowledge of Delayed Fireball by Vehumet.
 12642 | Lair:1   | Learned a level 7 spell: Delayed Fireball
 12912 | Lair:1   | Noticed Fannar
 12945 | Lair:1   | Killed Fannar
 13053 | Lair:1   | Reached XP level 13. HP: 65/65 MP: 9/34
 13574 | Lair:2   | Reached skill level 16 in Spellcasting
 13576 | Lair:2   | Found a labyrinth entrance.
 13587 | Lab      | Entered a labyrinth
 16523 | Lab      | Got a warped robe
 16526 | Lab      | Got an encrusted helmet
 16529 | Lab      | Identified Yjaleafi's Reference Book on the Creative Voyage
 16534 | Lab      | Identified the Disquisition on Nocuous Calling
 16543 | Lair:2   | Upgraded the game from 0.17-a0-1945-gfe993df to 0.17-a0-1946-gfb768fe
 17299 | Lair:2   | Identified the cursed +0 robe of the Other World {Regen+ Stlth+} (You found it in a labyrinth)
 17309 | Lair:2   | Identified the cursed +0 helmet of Hyatug {rElec rF+ Dex+6} (You found it in a labyrinth)
 17442 | Lair:1   | Reached skill level 1 in Earth Magic
 18151 | Lair:3   | Found a staircase to the Swamp.
 18986 | Lair:4   | Found a frozen archway.
 19004 | IceCv    | Entered an ice cave
 19529 | IceCv    | Reached skill level 17 in Spellcasting
 19779 | IceCv    | Noticed a frost giant
 19784 | IceCv    | Killed a frost giant
 19946 | IceCv    | Got a bloodstained great mace
 20516 | Lair:4   | Reached XP level 14. HP: 72/72 MP: 34/37
 20519 | Lair:4   | Noticed Appriser's ghost (powerful DrTm)
 20520 | Lair:4   | Killed Appriser's ghost
 20763 | Lair:4   | Got a flickering lapis lazuli ring
 21043 | Lair:5   | Reached skill level 1 in Evocations
 21131 | Lair:5   | Offered knowledge of Bolt of Cold by Vehumet.
 22332 | Lair:6   | Reached skill level 18 in Spellcasting
 22460 | Lair:6   | Found a hole to the Spider Nest.
 22822 | Lair:6   | Offered knowledge of Iskenderun's Battlesphere by Vehumet.
 23085 | Lair:6   | Noticed Maud
 23089 | Lair:6   | Killed Maud
 23252 | Lair:7   | Noticed Kirke
 23256 | Lair:7   | Killed Kirke
 23823 | Lair:2   | Identified the ring of Igifas {*Corrode rPois MP+9 Str-2 Stlth+} (You took it off a centaur on level 4 of the Lair of Beasts)
 23843 | Lair:2   | Identified the +2 great mace of Mayhem {speed, Str-5 Dex+5} (You found it in an ice cave)
 23860 | Lair:2   | Identified a scroll of acquirement
 23861 | Lair:2   | Identified graki42's Volume of Conjuration and Feathers (You acquired it on level 2 of the Lair of Beasts)
 23912 | Lair:3   | Learned a level 5 spell: Iskenderun's Battlesphere
 24405 | Lair:7   | Noticed Nessos
 24407 | Lair:7   | Killed Nessos
 24912 | Lair:8   | Entered Level 8 of the Lair of Beasts
 25242 | Lair:8   | Annihilated by a white ugly thing

Vault maps used:
D:1:      minmay_arrival_doors, minmay_liquid_box
D:2:      ecumenical_altar_2, grunt_ministairs_12, corexii_corridor_pit
D:3:      kennysheep_generic_room_9
D:4:      grunt_temple_overflow_open, minmay_temple_entry_glass, first_bread
D:5:      grunt_temple_overflow_forces_of_nature, basic_altar, moated_statue,
          tso_metal_star
D:6:      lemuel_zombie_altar_kikubaaqudgha, basic_altar, uniq_eustachio
D:7:      nicolae_overflow_hidden_temple, kennysheep_mini, lemuel_doored_altar,
          the_bakery
D:8:      slow_altar_1, nicolae_overflow_crystal_walls,
          nemelex_dance_club_becter
D:9:      david_orc_5, hangedman_glass_teeth, uniq_erolcha, uniq_erica,
          uniq_psyche
D:10:     minmay_lair_entry_lava, uniq_josephine
D:12:     spider_trap, uniq_maurice
D:13:     grunt_vaults_entry_tiered, uniq_rupert
Temple:   corrupted_temple
Lair:1:   uniq_fannar
Lair:2:   lab_entry_generic
Lair:3:   nicolae_swamp_entry_splash_gauntlet
Lair:4:   portal_ice_cave_entry_ice_beasts, forest_entry_grove,
          lemuel_fruit_tree
Lair:5:   minmay_lair_venomous_thicket, minmay_stone_trees_medium,
          infiniplex_staircase_pool, lemuel_fruit_fields
Lair:6:   lemuel_slime, spider_nest_entry_web_field, grunt_megastairs_3,
          uniq_maud
Lair:7:   grunt_forest_stairs_clearing, serial_bayou_shore_b, uniq_kirke,
          uniq_nessos
Lair:8:   due_jungle_book, minmay_slime_entry_pillars, basic_altar
Lab:      nicolae_lab_dead_adventurers, nicolae_lab_dead_end, nicolae_lab_lava,
          lab_statue
IceCv:    ice_cave_small_giant

Action                   |  1- 3 |  4- 6 |  7- 9 | 10-12 | 13-15 || total
-------------------------+-------+-------+-------+-------+-------++-------
Melee: Dagger            |       |    44 |    60 |    17 |       ||   121
       Dire flail        |       |       |       |     3 |     1 ||     4
       Staff             |       |       |       |       |     2 ||     2
Throw: Throwing net      |       |       |     1 |       |       ||     1
 Cast: Flame Tongue      |    59 |    99 |   196 |   117 |    32 ||   503
       Sticky Flame      |       |     4 |    24 |    26 |    19 ||    73
       Inner Flame       |       |     7 |    11 |    15 |     5 ||    38
       Conjure Flame     |       |     5 |    11 |    15 |       ||    31
       Magic Dart        |       |       |    47 |       |       ||    47
       Fireball          |       |       |     3 |    69 |   242 ||   314
       Iskenderun's Myst |       |       |       |    50 |    53 ||   103
       Stone Arrow       |       |       |       |     4 |    53 ||    57
       Delayed Fireball  |       |       |       |     1 |     3 ||     4
       Bolt of Fire      |       |       |       |       |    25 ||    25
 Abil: Evoke Flight      |       |       |       |       |     4 ||     4
       Release Delayed F |       |       |       |       |     3 ||     3
       Stop Flying       |       |       |       |       |     1 ||     1
Evoke: Wand              |       |       |       |       |     3 ||     3
       Deck              |       |       |       |       |     2 ||     2
  Use: Scroll            |       |     7 |     7 |     5 |    18 ||    37
       Potion            |       |       |     1 |     1 |     5 ||     7
 Stab: Sleeping          |       |       |     4 |     2 |       ||     6
  Eat: Chunk             |       |     8 |    15 |    16 |    28 ||    67
       Fruit             |       |       |     2 |     4 |     9 ||    15
       Meat ration       |       |       |       |       |     1 ||     1
       Beef jerky        |       |       |       |       |     1 ||     1
